[Event "89_| Campeonato Brasileiro 2023"]
[Site "Recife"]
[Date "2023.12.16"]
[Round "5.4"]
[White "Supi, Luis Paulo"]
[Black "Souza Neves, Andrey Marcelo"]
[Result "1-0"]
[ECO "B13"]
[WhiteElo "2579"]
[BlackElo "2122"]
[PlyCount "99"]
[EventDate "2023.??.??"]
[EventCountry "BRA"]
[TimeControl "90+30"]
[WhiteClock "0:18:46"]
[BlackClock "0:01:53"]

1. e4 c6 2. d4 d5 3. exd5 cxd5 4. Nf3 Nc6 5. Nbd2 Nf6 6. c3 {[%emt 0:00:00] B13: Caro-Kann: Exchange Variation and
Panov-Botvinnik Attack.} Bf5 7. Bb5 a6 8. Bxc6+ {[%emt 0:00:00] The position is equal.} bxc6 9. Ne5 Qb6 10. Qb3 Qb5 $146 (10... Qc7 $11 ) ({
Predecessor:} 10... Qc7 11. Qa4 Bd7 12. O-O c5 13. Nxd7 Qxd7 14. Qxd7+ Nxd7 15.
dxc5 Nxc5 16. c4 d4 {0-1 (56) Vrchotka,J (2059)-Varga,M (2180) Zalakaros 2012})
11. a4 $14 Qxb3 12. Nxb3 e6 13. Nxc6 Bd6 14. Nc5 ({White should play} 14. Nba5 $16 ) 14... Rc8 $11 15. Nb4 (15. Na5 {feels
hotter.} Bxc5 16. dxc5 Rxc5 17. Be3 d4 18. Nb7) 15... Bxc5 16.
dxc5 a5 (16... Rxc5 $6 17. Nxa6 Ra5 18. Nb4
$16) 17. Na2 $1 Rxc5 18. Be3 Rc6 19. O-O O-O 20. b4 Ne4 21. Rfc1 Ra8 {[%emt 0:00:
00] [#]} (21... Rfc8 {seems wilder.} 22. bxa5 Ra6 23. c4 dxc4 24. Bb6 Raa8) 22.
c4 $1 Rxc4 23. Rxc4 dxc4 24. b5 Nf6 25. Nc3 Nd5 26. Bd4 Nb4 27. Bc5 Nd5 28. Bd4 Nb4 29. Rc1 f6 30. h3 Bd3 31. Bc5 Kf7 32.
Re1 e5 33. f4 Nc2 (33... exf4 34. Re7+ Kg6 35. b6 $16) (33... Ke6 $1 $17 {
[%eval -100,25] White should prevent ...Nd5.} 34. fxe5 fxe5) 34. Rb1 $1 Nb4 $2 {[%eval 310,24] [%emt 0:05:22][%mdl 8192] [#]} ({But not
} 34... exf4 $2 35. b6 $18) (34... Ke6 $11 {[%eval -13,37] and Black stays
safe.}) 35. Rb2 $1 $18 Ke6 ({Much weaker is} 
35... exf4 36. Bxb4 axb4 37. Rxb4) 36. Bxb4 axb4 37. Rxb4 {[%emt 0:00:00][%mdl 4096] Endgame KRB-KRN} Kd6 {[%emt 0:00:25] .
..Kc5 is the strong threat.} (37... exf4 $2 38. b6 $18) 38. b6 {[%emt 0:00:00]
And now a5! would win.} Kc6 $2 ({Avoid the trap
} 38... exf4 $2 {[#]} 39. a5 $1 $18 ) (38... Kc5 {[%eval 239,30]
was called for.} 39. Rb5+ Kc6) 39. fxe5 fxe5 {[%emt 0:00:19] 
[#]} 40. a5 $1 Kb7 (40... Rxa5 41.
b7) 41. Rb5 Re8 42. Kf2 e4 {
[%emt 0:00:35] White must now prevent ...e3+.} 43. Ke3 Bf1 44. Rf5 Rd8 45. Rf7+ Kc6 46. Rc7+ Kd6 47. a6 Bxg2 48. a7 Rf8 49. Nb5+ Kd5 50. Rf7 {[%eval 597,24] [%emt 0:02:09] Accuracy: White = 77%,
Black = 55%.} (50. b7 $142 Rf3+ 51. Ke2 Bf1+ 52. Ke1) 1-0

[Event "89_| Campeonato Brasileiro 2023"]
[Site "Recife"]
[Date "2023.12.16"]
[Round "5.5"]
[White "Diamant, Andre"]
[Black "Madeira, Wagner Martins"]
[Result "1-0"]
[ECO "A34"]
[WhiteElo "2513"]
[BlackElo "2114"]
[PlyCount "78"]
[EventDate "2023.??.??"]
[EventCountry "BRA"]
[TimeControl "90+30"]
[WhiteClock "0:13:03"]
[BlackClock "0:02:10"]

1. c4 Nf6 2. Nc3 c5 3. Nf3 d5 4. cxd5 Nxd5 5. g3 Nc6 6. Bg2 e5 7. O-O Nc7 8. a3 f6 9. d3 Be7 10. Be3 {[%emt 0:00:00] A34: Symmetrical English: 2 Nc3, lines with ...d5.} O-O 11. Rc1 Rb8 12. Nd2 (12. Na4 $14 ) 12... Ne6 $146 (12... Nd4 $1 $11 ) ({
Predecessor:} 12... Kh8 13. b4 b6 14. Qa4 Bd7 15. Qxa7 Nd4 16. bxc5 Bxc5 17.
Bxd4 exd4 {1/2-1/2 (48) Budnikov,A (2535)-Vorontsov,N (2360) Vladivostok 1995})
13. Nd5 $14 Ned4 14. Ne4 (
14. Bxd4 $5 cxd4 15. Nxe7+ Qxe7 16. b4 $14) 14... b6 15. Bxd4 Nxd4 16. e3 Ne6 17. Nec3 Bd7 18. f4 Bd6 ({Black should play} 18... exf4 $15 19. gxf4 (19. Nxe7+ Qxe7 20. gxf4 f5 $11) 19... f5) 19. f5 Nc7 20. Nxc7 Bxc7 21. Bd5+ Kh8 22. a4 a6 23. e4 b5 24. axb5 axb5 25. Qe2 Bb6 26. Kh1 c4 27. dxc4 bxc4 28. Bxc4 Bd4 29. b3 Qa5 (29... Bxc3
$11 {[%eval 8,28] remains equal.} 30. Rxc3 Bc6) 30. Nd5 $16 Qa3 31. Rc2 Rb7 (31... Qd6 $16 ) 32. b4 $18 {[%emt 0:00:00] Threatens to
win with Ra2.} Qa7 $2 {[%eval 323,25] [%emt 0:00:26] [#]} (32... Qa4 {[%eval
171,29] was worth a try.} 33. Ra2 Qc6) 33. Ba6 $1 Ba4 34. Bxb7 Bxc2 35. Qxc2 Qxb7 36. Rc1 h6 37. Qc6 Qa7 38. Kg2 Qa3 39. Qc2 Kh7 {[%emt 0:03:02] Accuracy: White
= 74%, Black = 46%.} 1-0

[Event "89_| Campeonato Brasileiro 2023"]
[Site "Recife"]
[Date "2023.12.16"]
[Round "5.6"]
[White "Molina, Roberto Junio Brito"]
[Black "Piccoli, Lucas Fonseca"]
[Result "1-0"]
[ECO "D40"]
[WhiteElo "2381"]
[BlackElo "2244"]
[PlyCount "127"]
[EventDate "2023.??.??"]
[EventCountry "BRA"]
[TimeControl "90+30"]
[WhiteClock "0:09:14"]
[BlackClock "0:04:59"]

1. d4 d5 2. c4 e6 3. Nc3 c5 4. e3 Nf6 5. Nf3 a6 6. cxd5 exd5 7. Be2 Nc6 8. O-O Bd6 9. dxc5 Bxc5 10. a3 O-O 11. b4 Bd6 12.
Bb2 Bg4 13. Nd4 {[%emt 0:00:00] D40: Queen's
Gambit Declined: Semi-Tarrasch with 5 e3.} Bd7 14. Rc1 Re8 15. Bf3 {[%emt 0:00:00] White is slightly
better.} Qe7 $146 ({Predecessor:} 15... Nxd4 16. Qxd4 Be5 17.
Qd2 Bg4 18. Qd1 Qd7 19. Bxg4 Nxg4 {0-1 (39) Leshchenok,S (2185)-Korneev,O 
(2560) Minsk 1998}) 16. g3 Nxd4 17. Qxd4 Be5 18. Qh4 (
18. Nxd5 $11 {[%eval 13,32] remains equal.} Nxd5 19. Qxd5) 18... Bc6 (18... Qe6 $1 $17 ) 19. Bg2 Rad8 20. Rfe1 h6 21. Nd1 Kh7 {[%emt 0:01:44] Hoping for ...g5.} 22. Bxe5 Qxe5 23. Qf4 $1 Qxf4 24.
gxf4 Ne4 25. Nb2 d4 26. exd4 Rxd4 27. Nc4 g5 28. fxg5 Rg8 (28... hxg5 $11 29. h3 Kg7) 29. Ne5 $14 Nxg5 30. Nxc6 Nf3+ 31. Kh1 Rxg2 32. Kxg2 Nxe1+ 33. Rxe1 bxc6 $18 {[%emt 0:00:01]
[%mdl 4096] Endgame [#] KR-KR} 34. Re7 (34. Re5
$1 $16 ) 34... Rd3 $2 (34... a5 $11 ) 35. Rxf7+ Kg6 {[%emt 0:00:00]
[#]} 36. Rf3 $1 Rd6 37. Rc3 Kf5 38. Kf3 Ke6 39. Ke4 Ke7 40. Rc5 Kd7 41. Ra5 Re6+ 42. Kf3 Rf6+ 43. Kg2 Rg6+ 44. Kf1 Kc7 45. Rxa6 Kb7 {[%emt 0:00:27] [#]} 46. b5 $1 Rg5 (46...
cxb5 47. Rxg6) 47. Rxc6 Rxb5 48. Rxh6 Ra5 49. Rh3 Ra4 50. Rc3 Kb6 51. h3 Kb5 52. Kg2 Ra7 53. h4 Rg7+ 54. Kh3 Rf7 55.
f3 Rh7 56. f4 Rf7 57. Kg4 Rg7+ 58. Kf5 Rf7+ 59. Ke5 Rh7 60. f5 Rxh4 61. f6 {[%emt 0:00:11] White mates.} Rh5+ 62. Ke6 Rh6 63. Ke7 Rh2 64. Re3 {[%emt 0:00:14] Accuracy: White =
73%, Black = 57%.} 1-0

[Event "89_| Campeonato Brasileiro 2023"]
[Site "Recife"]
[Date "2023.12.16"]
[Round "5.7"]
[White "De Siqueira, Luigy Lira"]
[Black "Lima, Darcy Gustavo Macha"]
[Result "1-0"]
[ECO "B07"]
[WhiteElo "2202"]
[BlackElo "2377"]
[PlyCount "87"]
[EventDate "2023.??.??"]
[EventCountry "BRA"]
[TimeControl "90+30"]
[WhiteClock "0:06:48"]
[BlackClock "0:04:42"]

1. e4 d6 2. d4 Nf6 3. Nc3 g6 4. g3 Bg7 5. Bg2 O-O 6. Nge2 e5 7. O-O Nc6 8. dxe5 dxe5 9. Bg5 Qxd1 10. Raxd1 h6 {[%emt 0:00:00] B07: Pirc Defence: Miscellaneous Systems.}
11. Be3 Rd8 12. Rxd8+ Nxd8 {
[%emt 0:00:00] White is slightly better.} 13. Rd1 Bd7 $146 ({Predecessor:} 13... Ne6 14. Nd5 h5 15. Ne7+ Kf8 16. Nxc8 Rxc8
17. f3 a6 18. h4 Ke7 19. Bh3 Rh8 {1-0 (60) Gustafsson,J (2628)-Kollars,D (2491)
Germany 2017}) 14. h3 a6 15. Nc1 Be8 (15... Nc6 $11 {[%eval 21,30] remains
equal.}) 16. Nb3 Nd7 (16...
Ne6 $14 ) 17. Nd5 $36 {[%emt 0:00:25][%mdl 2048] White has
strong initiative.} Ne6 18. h4 $1 Bf8 {
[%eval 214,27] [%emt 0:00:00] [#]} (18... Kh8 $16 ) 19. Bh3 $1
$18 Rc8 20. Bxh6 ({White should try} 20. Na5 $18 ) 20... c6 $16 21. Bxf8 {[%emt 0:00:00] Strongly threatening Ne7+.} Kxf8 (21... cxd5 $142 22. Ba3 d4)
22. Ne3 Ke7 23. Nc4 Rc7 24. Nd6 Ndc5 (
24... Ndf8 {[%eval 198,27] was necessary.} 25. Nc4 f6) 25. Nxe8 Kxe8 26. Nxc5 Nxc5 $18 {[%emt 0:00:01]
[%mdl 4096] Endgame KRB-KRN} 27. f3 Ke7 (27... Na4 $16 ) 28. Kf2 b5 (28... Na4 $16 ) 29. Ke3 a5 30. f4 Na4 31. b3 ({Don't do} 31. fxe5 $6 Nxb2 32. Rh1 Rb7 $16) 31...
Nc3 {[%emt 0:00:30] [#]} 32. Ra1 $1 Kd6 (32... exf4+ {[%eval 175,26] was called for.} 33. gxf4 a4) 33. Kd3 b4 34. a3 Re7 $2 (34... exf4 $16 {[%eval 159,31] was worth a try.} 35. axb4
(35. gxf4 Re7 $16) 35... axb4) 35. axb4 axb4 {[%emt 0:00:30] .
..exf4 would now be nice for Black.} 36. f5 Kc5 37. f6 Rb7 38. Ra8 {[%emt 0:00:06]
White is clearly winning.} Nb5 39. Re8 Kd6 40. g4 {[%emt 0:00:08] h5 is the strong threat.} Ra7 41. h5 gxh5 42. gxh5 {[%emt 0:00:56]
Threatens to win with h6.} Ra1 43. Bg2 {[%emt 0:00:30] And
now h6 would win.} Rg1 44. Rg8 {[%emt 0:00:00] Accuracy:
White = 82%, Black = 41%.} 1-0

[Event "89_| Campeonato Brasileiro 2023"]
[Site "Recife"]
[Date "2023.12.16"]
[Round "5.8"]
[White "Do Valle Cardoso, Lucas"]
[Black "Patroclo, Arthur Ruiz"]
[Result "1-0"]
[ECO "B06"]
[WhiteElo "2352"]
[BlackElo "2101"]
[PlyCount "85"]
[EventDate "2023.??.??"]
[EventCountry "BRA"]
[TimeControl "90+30"]
[WhiteClock "0:41:13"]
[BlackClock "0:01:05"]

1. e4 g6 2. d4 Bg7 3. Nc3 d6 4. Be3 a6 5. Qd2 b5 6. h4 h5 7. f3 Bb7 8. Nh3 Nd7 9. Ng5 {[%emt 0:00:00] B06: Modern Defence.} Ngf6 10. a4 c6 11. Bd3 {[%emt 0:00:00] White is slightly
better.} e5 12. O-O O-O 13.
axb5 axb5 14. Ne2 $146 ({
Predecessor:} 14. dxe5 Nxe5 15. Be2 b4 16. Na4 c5 17. b3 Qc7 18. Rad1 Rad8 19.
Qe1 Nh7 20. Nxh7 Kxh7 {1-0 (40) Asis Gargatagli,H (2479)-Starozhilov,L (2318)
Chess.com INT 2020}) 14... exd4 15. Nxd4 Re8 16. c4 bxc4 17. Bxc4 d5 18. exd5 cxd5 19. Bb5 Qe7 20. Bf2 Rxa1 (20... Qd6 $11 ) 21. Rxa1
$16 Ra8 (21... Qd6 $14 ) 22. Rxa8+ Bxa8 23. Qa5 Qf8 {[%eval 191,25] [%emt 0:00:00] [#]} (23... Qe8 $16 ) 24. Qc7 $2 ({White must play} 
24. Qa6 $1 $18 ) 24... Qb8 $11 25. Qxb8+ Nxb8 26. Kf1 Nbd7 27. b4 Bf8 28. Bc6 $36 {[%emt 0:00:
00][%mdl 2048] White is pushing.} Nb6 29. b5 Bc5 30. Bxa8 Nxa8 31. Nc6 Bxf2 32. Kxf2 $16 {[%emt 0:00:00][%mdl 4096]
Endgame KNN-KNN} Kf8 33. Ne5 Nb6 $2 ({Better is} 33... Ne8 $1 $14 ) 34.
Ngxf7 $18 Nfd7 $2 (34... Ne8 {
[%eval 292,31] was worth a try.} 35. Nh8 Kg7 36. Nhxg6 Kf6) 35. Ke3 Ke7 36. Kd4 Nxe5 $2 (36... Nf8 37. Ng5 Kd6) 37. Nxe5 {[%emt 0:00:
00] KN-KN} Kf6 38. Nd3 g5 39. Nb4 gxh4 40. Nxd5+ {[%emt 0:00:00][%mdl
64] [#] Double Attack. White mates.} Kf5 41. Nxb6 Kf4 42. Nd5+ Kg3 43.
Ne3 {[%emt 0:00:00] Accuracy: White = 63%, Black = 37%.} 1-0

[Event "89_| Campeonato Brasileiro 2023"]
[Site "Recife"]
[Date "2023.12.16"]
[Round "6.1"]
[White "Supi, Luis Paulo"]
[Black "Fier, Alexandr"]
[Result "1/2-1/2"]
[ECO "B30"]
[WhiteElo "2579"]
[BlackElo "2545"]
[PlyCount "27"]
[EventDate "2023.??.??"]
[EventCountry "BRA"]
[TimeControl "90+30"]
[WhiteClock "0:56:07"]
[BlackClock "1:09:18"]

1. e4 c5 2. Nf3 Nc6 3. h3 g6 4. Bc4 Bg7 5. O-O e6 6. Bb5 {
[%emt 0:00:00] B30: Sicilian: 2...Nc6 3 Bb5, lines without ...g6.} Nge7 7. c3 e5 8. d3 O-O 9. Be3 d6 10. a4 h6 11. Na3 $146 ({
Predecessor:} 11. d4 cxd4 12. cxd4 exd4 13. Nxd4 d5 14. exd5 (
14. Bxc6 $11 Nxc6 15. exd5 Nxd4 16. Bxd4) 14... Nxd5 15. Bxc6 (15. Nxc6 $142 bxc6 16. Bxc6 Nxe3 {[%mdl 64]
Discovered Attack} 17. fxe3) 15... Nxe3 16. fxe3 bxc6 17. Nc3 c5 18. Ndb5 {
0-1 (63) Kozelov,R (2104)-Wang,T (2402) Saint Louis 2022}) ({Predecessor:} 11.
d4 cxd4 12. cxd4 exd4 13. Nxd4 d5 14. exd5 Nxd5 15. Bxc6 Nxe3 16. fxe3 bxc6 17.
Nc3 c5 18. Ndb5 {0-1 (63) Kozelov,R (2104)-Wang,T (2402) Saint Louis 2022})
11... f5 12. b4 f4 13. Bd2 Kh7 14. bxc5 {[%emt 0:00:00] Accuracy: White
= 74%, Black = 78%. . Accuracy: White = 76%, Black = 79%.} 1/2-1/2

[Event "89_| Campeonato Brasileiro 2023"]
[Site "Recife"]
[Date "2023.12.17"]
[Round "6.2"]
[White "Mekhitarian, Krikor Sevag"]
[Black "Molina, Roberto Junio Brito"]
[Result "1/2-1/2"]
[ECO "D35"]
[WhiteElo "2559"]
[BlackElo "2381"]
[PlyCount "47"]
[EventDate "2023.??.??"]
[EventCountry "BRA"]
[TimeControl "90+30"]
[WhiteClock "0:24:21"]
[BlackClock "1:01:00"]

1. d4 d5 2.
c4 e6 3. Nc3 Nf6 4. cxd5 exd5 5. Bg5 c6 6. e3 Be7 7. Bd3 h6 8. Bf4 Nbd7 {[%emt 0:00:
00] D35: Queen's Gambit Declined: Exchange Variation.} 9. h3 Nb6 10. Nge2 (10. Nf3 {with more
complications.} Be6 11. O-O O-O 12. Qe2 Nc4 13. Ne5) (10. Nf3 {is more complex.
} Be6 11. Qe2 Nc4 12. O-O O-O 13. Ne5) (10. Nf3 {keeps more tension.} O-O 11.
O-O Be6 12. Ne5 c5 13. dxc5 Bxc5 14. Rc1) 10... Bd6 {[%emt 0:00:00] White is
slightly better.White is slightly better.White is slightly better.} 11. Qc2 Bxf4 12. Nxf4 Qd6 $146 ({Predecessor:} 12... Qe7 13. O-O-O g5 14. Nfe2 Bd7 15. Kb1
O-O-O 16. Ka1 Kb8 17. Rc1 Ne8 18. h4 Nd6 {1-0 (44) Dubkov,A (2332)-Hebbering,T
(2230) Germany 2022}) ({Predecessor:} 12... Qe7 13. O-O-O g5 14. Nfe2 Bd7 15.
Kb1 O-O-O 16. Ka1 Kb8 17. Rc1 Ne8 18. h4 Nd6 {1-0 (44) Dubkov,A (2332)
-Hebbering,T (2230) Germany 2022}) 13. O-O-O Bd7 14. Kb1 {[%emt 0:00:00] The position is equal.} O-O-O 15.
Rc1 Kb8 16. Na4 Nxa4 17. Qxa4 Rc8 (17... g5 $5 18.
Ne2 $8 Ne4 19. Bxe4 $1 dxe4 $11) (17... g5 $5 18. Ne2 $8 Ne4 19. Bxe4 dxe4 $11)
18. Rc3 Rc7 19. Ne2 (19. h4
{feels hotter.} g6 20. Qc2 Re8 21. Ka1 Ne4 22. Bxe4 $1 dxe4 23. Qb3) (19. Qd1 {
is interesting.} Ne4 20. Bxe4 dxe4 21. Qc2 g6 22. Ka1) (19. Ka1 {is more
complex.} Re8 20. Qc2 Qe7 21. a3 Rec8 22. Rc1) 19... Rhc8 (
19... h5 {keeps more tension.} 20. Rc2 Ne8 21. Nc3 Qf6 22. Re1 Nd6) (19... h5 {
feels hotter.} 20. Ra3 b6 $1 21. Qc2 Re8 22. Rb3 Ne4) (19... h5 {seems wilder.}
20. Rc2 h4 21. Nc3 Ne8 22. Re1 Qe7) 20. Qa3 Qxa3 21. Rxa3 Ne8 22. g4 Nd6 23. Ng3 Rf8 24. Rc3 {
[%emt 0:00:00] Accuracy: White = 52%, Black = 81%. . Accuracy: White = 59%,
Black = 94%. . Accuracy: White = 53%, Black = 82%.} 1/2-1/2

[Event "89_| Campeonato Brasileiro 2023"]
[Site "Recife"]
[Date "2023.12.17"]
[Round "6.3"]
[White "Filgueiras, Nathan Felipe"]
[Black "Diamant, Andre"]
[Result "1/2-1/2"]
[ECO "B33"]
[WhiteElo "2295"]
[BlackElo "2513"]
[PlyCount "58"]
[EventDate "2023.??.??"]
[EventCountry "BRA"]
[TimeControl "90+30"]
[WhiteClock "0:28:11"]
[BlackClock "1:10:14"]

1. e4 c5 2. Nf3 Nc6 3. d4 cxd4 4. Nxd4 Nf6 5. Nc3 e5 6. Ndb5 d6 7. Bg5 a6 8. Na3 b5 9. Bxf6 gxf6 10. Nd5 Bg7 11. Bd3 Ne7 12. Nxe7 Qxe7 13. O-O O-O 14. c4 f5 15. Qh5 Rb8 16. exf5 e4 17. Rae1 Bb7 18. Kh1 {
[%emt 0:00:00] B33: Sicilian: Pelikan and Sveshnikov Variations.} Rfe8 {
[%emt 0:00:00] The position is equal.} 19. f3 (19. cxb5 {
is interesting.} axb5 20. Bxb5 Rec8 21. Bd3 Qf6 22. Bxe4 Bxe4 23. Rxe4 d5 24.
Re2) (19. cxb5 {feels hotter.} axb5 20. Bxb5 Rec8 21. f3 exf3 22. gxf3 Qf6 23.
Bc4) 19... exf3 $146 {[%emt 0:00:00] The position is equal.The position is
equal.} ({Don't play} 19... Bxb2 20. fxe4 Kh8 $2 (20... f6 $14 ) ({Black should try} 20... Qf6 $14 ) 21. Nc2 $16 (21. f6 $18 Qf8 22. Nc2 $2 (
22. Re3 $18 Re5 23. Qh4)) (21. f6 $18 Qe5 22.
Rf5)) ({Predecessor:} 19... bxc4 20. Bxe4 (20. Nxc4 $11 d5 21. f6 Qxf6 22. fxe4) (20. Nxc4 $11 d5 21.
Nb6) 20... d5 21. f6 Qxf6 22. Bxd5 {[%eval -233,32] [#]} (22. Bxh7+ $17 {
[%eval -91,27] was called for.} Kf8 23. b3) (22. Bxh7+ $17 {[%eval -132,32]
was called for.} Kf8 23. b3) 22... Bxd5 $2 (22... Rxe1 $1 $19 23. Rxe1 Bxd5 24. Qxd5 c3) (22... Rxe1 $1 $19 23. Rxe1 Bxd5 24. Qxd5 c3) 23. Qxd5 $2 (23. Rxe8+ $1 $11
{[%eval -21,29] and White is okay.} Rxe8 24. Qxd5) (23. Rxe8+ $1 $11 {[%eval
-11,32] and White is okay.} Rxe8 24. Qxd5) 23... Qxb2 $2 (23...
Rxe1 $19 24. Rxe1 c3) (23... Rxe1 $19 24.
Rxe1 c3) 24. Nxc4 Qxa2 25. Re4 Rbd8 {1/2-1/2 (44) Halvax,G (2395)-Sebenik,M 
(2541) Zadar 2016}) ({Much weaker is} 19... Bxb2 20. fxe4 Kh8 $2 ({Better is} 20... f6 $14 21. Nc2 Kh8) 21. Nc2
$16 ({White should play} 21. f6 $18 Qf8 22.
Re3)) ({Predecessor:} 19... bxc4 20. Bxe4 (20. Nxc4 $11 d5 21. Nb6) 20... d5 21. f6 Qxf6 22. Bxd5 (22.
Bxh7+ $17 Kf8 23. b3) 22... Bxd5 $2 (22...
Rxe1 $1 $19 23. Rxe1 Bxd5 24. Qxd5 c3) 23. Qxd5 $2 (23. Rxe8+ $1 $11 Rxe8 24. Qxd5) 23... Qxb2 $2 (23... Rxe1 $19 24. Rxe1 c3) 24. Nxc4 Qxa2 25.
Re4 Rbd8 {1/2-1/2 (44) Halvax,G (2395)-Sebenik,M (2541) Zadar 2016}) ({Reject} 
19... Bxb2 $6 20. fxe4 f6 21. Nc2 $16) ({Predecessor:} 19... bxc4 20. Bxe4 d5
21. f6 Qxf6 22. Bxd5 Bxd5 23. Qxd5 Qxb2 24. Nxc4 Qxa2 25. Re4 Rbd8 {1/2-1/2 
(44) Halvax,G (2395)-Sebenik,M (2541) Zadar 2016}) 20. Rxe7 fxg2+ 21. Kg1 gxf1=Q+ 22.
Kxf1 Rxe7 23. f6 Bxf6 24. Qxh7+ Kf8 {[%emt 0:00:00] Strongly
threatening ...Re6. Hoping for ...Re6. aiming for ...Re6.} 25. Qh6+ Bg7 26. Qxd6 Be5 27.
Qh6+ Bg7 28. Qd6 Be5 29. Qh6+ Bg7 {[%emt 0:00:00] Accuracy: White
= 76%, Black = 85%. . Accuracy: White = 75%, Black = 86%.} 1/2-1/2

[Event "89_| Campeonato Brasileiro 2023"]
[Site "Recife"]
[Date "2023.12.17"]
[Round "6.5"]
[White "Di Berardino, Diego Rafael"]
[Black "Gauche, Charles"]
[Result "1-0"]
[ECO "D13"]
[WhiteElo "2477"]
[BlackElo "2142"]
[PlyCount "101"]
[EventDate "2023.??.??"]
[EventCountry "BRA"]
[TimeControl "90+30"]
[WhiteClock "0:01:33"]
[BlackClock "0:01:23"]

1. d4 d5 2. c4 c6 3. Nf3 Nf6 4. Nc3 a6 5. cxd5 cxd5 6. Bf4 e6 7. e3 Nc6 8. Bd3 Be7 9. h3 O-O 10. O-O b5 11. Qe2 {[%emt 0:07:00] D13:
Slav Defence: Exchange variation without ...Bf5.} Bb7 12. Rad1
$146 ({Predecessor:} 12. Rfc1 Rc8 13. a3 Na5 14. Qd1 Nc4 15.
Bxc4 dxc4 16. Ne5 Nd5 17. Nxd5 Qxd5 18. Qf3 f6 19. Qxd5 Bxd5 {0-1 (88) Akhayan,
R (2259)-Eden,J (2294) Chess.com INT 2021}) 12... Rc8 13. Bg3
{[%emt 0:00:30] White has an edge.} Na5 14. Ne5 Nc4 15. a4 Qb6 (15... b4 $11 16. Nb1 Qe8) 16. axb5 $14 axb5 17. Bh4 {[%emt 0:00:00] Bxf6 is the strong threat.} Rc7 18. f4 (18. Bxf6 Bxf6 19. f4 (19. Qh5 g6 $17)
19... g6 $11) 18... g6 19. g4 Ne8 (19... Bc6 $11 ) 20. Bxe7 Rxe7 21. g5 (21. Bxc4 $6 dxc4 22. g5 Nd6 $11)
21... Ng7 22. Kh2 (22. Ng4 $14 ) 22... Nf5 $11 23. Ng4 {[%emt 0:00:00] aiming
for Bxf5.} Kg7 24. Qf2 Bc6 (24... Rh8 $11 {[%eval -9,31] deserves consideration.}) 25. h4 (25. Nf6 $14 Ncxe3 {[%mdl 64]
Double Attack} 26. Bxf5 Nxf5 27. Ne2) 25... Rh8 (
25... b4 $15 {[%eval -49,25] might be stronger.} 26. Nb1 Ra7) 26. Rde1 ({Better is} 26. b3 $11 Ncd6 27.
b4) 26... Ncd6 (26... h6 $15 27. Kg2 hxg5 28. hxg5 b4) 27. Rh1 (27. h5 $14 ) 27... b4 28. Nb1 Bb5 29. Bxf5 $1 Nxf5 30. h5 (30. Nd2 $15 ) 30... Rc8 (30... gxh5 $17 31. Nf6 h4) 31.
Kg1 (31. h6+ $11 Kh8 32. Rc1)
31... Rcc7 $2 {[%eval 188,24] [%emt 0:00:30] [#]} (31... Rec7 $1 $15 {[%eval
-54,26] keeps the upper hand.}) 32. Qh2 $2 ({
Stronger than} 32. hxg6 fxg6 33. Rh2 (33. Qh2 Kh8 $11) 33... Qa5 $11) ({
White has to play} 32. Nf6 $1 $18 Re8 33. hxg6 (33. Nxe8+ Bxe8
34. hxg6 fxg6 $16)) 32... Kh8 (32... Kf8 $11 ) 33. Ne5 (33. Nd2 $1 $14 ) 33... Be8 34. Nd2 $2 (34. Ng4 $11 ) 34... Rc2 $19 35. Ra1 (35. hxg6 {[%eval -175,30] is a better defense.} fxg6
36. Qf2) 35... Qb7 $2 (35... Ra7 $19 36. Rb1 Nxe3 37. hxg6 fxg6) 36. Nd3 {[%eval -203,26] [%emt 0:00:30] 
[#]} (36. Ng4 $1 $15 ) 36... Nd6 $2 ({Don't play} 36... Nxe3 37. Qh3) (36... Qb5 $1 $19 37. Nc5 (37. hxg6 $2 fxg6 38. Ne5 b3 $19) 37... Nxe3 38. hxg6 fxg6) 37.
Qf2 $2 (37. f5 $11 {[%eval 0,37] and White
stays safe.} Nxf5 38. hxg6 fxg6 39. Qe5+ Kg8 40. Nb3) 37... Nc4 38. Qe1 $2 (38. Rd1 ) 38...
Rc7 $2 (38... Rxd2 $19 39.
Nc5 Qc8 40. hxg6 fxg6) 39. Nb3 Nxb2 40. Ndc5 ({White should try} 40. Qxb4 $14 Qxb4 41. Nxb4) 40... Qc8 $11 41. Qxb4 {[%emt 0:00:30]
Threatens to win with Na6.} e5 {[%emt 0:00:30] ( -> ...Qg4+)} 42. Ne6 Bc6 43. Qd6 fxe6 44. Qxe5+ Kg8 {[%emt 0:00:00] And now ...Nc4
would win.} 45. hxg6 $1 $40 {[%emt 0:00:03][%mdl 128] White mounts an attack.}
Be8 $2 (45... Nc4 $11 46. Qf6 Nxe3 47. gxh7+ Rxh7 48. Rxh7 Kxh7) 46. gxh7+ Rxh7 47. Rxh7 Kxh7 48. Ra7+ Kg6 {[%emt 0:01:20] [#]} 49. f5+ $1 {[%emt 0:01:42][%mdl 512]
White mates.} exf5 50. Qd6+ Kxg5 51. Rg7+ {[%emt 0:00:19] Accuracy: White = 33%, Black = 45%.} 1-0